 Dungeon Crawl Stone Soup version 0.31.0-10-gcf4a605ca0 (webtiles) character file.

Game seed: 18237739945598853678

31278 mainiacjoe the Fighter (level 13, -1/114 HPs)
             Began as a Merfolk Gladiator on Jan 25, 2024.
             Was a High Priest of Jiyva.
             Slain by a torpor snail (19 damage)
             ... on level 5 of the Lair of Beasts.
             The game lasted 00:34:50 (11528 turns).

mainiacjoe the Fighter (Merfolk Gladiator)         Turns: 11528, Time: 00:34:51

Health: -1/114     AC:  9    Str: 19    XL:     13   Next: 57%
Magic:  12/13      EV: 19    Int:  7    God:    Jiyva [*****.]
Gold:   570        SH: 15    Dex: 18    Spells: 12/12 levels left

rFire   + . .        a - +1 demon trident "Orb Guardian's Peril" {freeze, Dex+2 Stlth+}
rCold   + + +        Y - +0 buckler
rNeg    + . .        F - +0 acid dragon scales
rPois   .            z - +2 hat
rElec   .            (no cloak)
rCorr   +            (no gloves)
SInv    .            (no boots)
Will    +++..        A - amulet of reflection
Stlth   ++           r - ring of positive energy
HPRegen 1.83/turn    (no ring)
MPRegen 0.85/turn

%: reflection
@: lethally poisoned (-1 -> -3), calling ooze, slowed, very slow
A: (nimble swimmer 2), mertail, antennae 2, large bone plates 1, cold resistance
3, fire resistance 1, strong-willed 3, gelatinous body 1, jelly sensing items,
jelly absorbing missiles
a: Renounce Religion, Oozemancy, Slimify


You were on level 5 of the Lair of Beasts.
You worshipped Jiyva.
Jiyva was extremely pleased with you.
You visited 2 branches of the dungeon, and saw 15 of its levels.

You collected 666 gold pieces.
You spent 96 gold pieces at shops.

Inventory:

Hand Weapons
 a - the +1 demon trident "Orb Guardian's Peril" (weapon) {freeze, Dex+2 Stlth+}
   (You acquired it on level 8 of the Dungeon)

   Dex+2:     It affects your dexterity (+2).
   Stlth+:    It makes you more stealthy.
 b - the +9 sling "Eviscerator" {drain, rPois rF- rN+ Will+++}
   (You found it on level 5 of the Dungeon)

   rF-:       It makes you vulnerable to fire.
   rPois:     It protects you from poison rN+: It protects you from negative
   energy.
   Will+++:   It greatly increases your willpower.
 y - a +3 trident of freezing
Missiles
 d - 6 throwing nets {=F}
 e - a javelin
 j - 97 stones
 m - 3 atropa-tipped darts {=F}
 n - 4 curare-tipped darts {=F}
 q - 14 poisoned darts
 s - 6 boomerangs
Armour
 z - a +2 hat (worn)
 F - +0 acid dragon scales (worn)
 H - the +1 scale mail "Cacritzy" {rElec Int+4}
   (You found it on level 8 of the Dungeon)

   Int+4:     It affects your intelligence (+4).
   rElec:     It insulates you from electricity.
 Y - a +0 buckler (worn)
Jewellery
 o - a +5 ring of evasion
 r - a ring of positive energy (left hand)
 A - an amulet of reflection (around neck)
 B - an amulet of faith
 G - an amulet of guardian spirit
 O - a ring of magical power
 V - a ring of fire
 W - a +6 ring of strength
Wands
 f - a wand of light (11)
 K - a wand of iceblast (18)
 S - a wand of flame (11)
 Z - a wand of charming (8)
Scrolls
 c - a scroll of brand weapon
 v - 3 scrolls of fear
 w - 5 scrolls of noise
 x - 3 scrolls of revelation
 C - a scroll of vulnerability
 D - 2 scrolls of immolation
 E - 3 scrolls of teleportation
 L - a scroll of enchant weapon
 N - 2 scrolls of fog
 R - a scroll of poison {unknown}
Potions
 g - a potion of magic
 h - 2 potions of heal wounds
 i - 5 potions of curing
 k - 4 potions of enlightenment
 l - 2 potions of ambrosia
 p - 2 potions of invisibility
 t - a potion of berserk rage
 u - 3 potions of cancellation {unknown}
 I - 2 potions of lignification
 J - a potion of brilliance
 M - 2 potions of attraction
 P - a potion of resistance {unknown}
 Q - 2 potions of degeneration {unknown}
 T - 2 potions of mutation {unknown}
 U - 2 potions of might
 X - a potion of experience {unknown}


   Skills:
 + Level 14.5 Fighting
 - Level 14.0 Polearms
 - Level 2.0 Throwing
 + Level 3.0 Armour
 + Level 11.3 Dodging
 - Level 8.0 Shields
 - Level 10.0 Evocations


You had 12 spell levels left.
You didn't know any spells.
Your spell library contained the following spells:

 Spells                   Type           Power      Damage    Failure   Level
 Apportation              Tloc           0%         N/A       58%         1
 Freeze                   Ice            0%         1d3       58%         1
 Magic Dart               Conj           0%         1d3       58%         1
 Necrotise                Necr           0%         1d4       58%         1
 Sting                    Conj/Alch      0%         1d3       58%         1
 Summon Small Mammal      Summ           0%         N/A       58%         1
 Scorch                   Fire           0%         2d5       73%         2
 Searing Ray              Conj           0%         2d4       73%         2
 Sublimation of Blood     Necr           0%         N/A       73%         2
 Frozen Ramparts          Ice            0%         1d1       91%         3
 Fugue of the Fallen      Necr           0%         N/A       91%         3
 Hailstorm                Conj/Ice       0%         3d5       91%         3
 Inner Flame              Hex/Fire       0%         N/A       91%         3
 Ozocubu's Armour         Ice            0%         N/A       91%         3
 Vampiric Draining        Necr           0%         2d6       91%         3
 Flame Wave               Conj/Fire      0%         2d4       100%        4
 Fulminant Prism          Conj/Alch      0%         3d5       100%        4
 Manifold Assault         Tloc           0%         N/A       100%        4
 Martyr's Knell           Necr/Summ      0%         N/A       100%        4
 Passage of Golubria      Tloc           0%         N/A       100%        4
 Petrify                  Alch/Erth      0%         N/A       100%        4
 Curse of Agony           Necr           0%         N/A       100%        5
 Irradiate                Conj/Alch      0%         3d11      100%        5
 Silence                  Hex/Air        0%         N/A       100%        5
 Summon Cactus Giant      Summ           0%         N/A       100%        6
 Ignition                 Fire           0%         3d3       100%        8
 Lehudib's Crystal Spear  Conj/Erth      0%         10d2      100%        8


Dungeon Overview and Level Annotations

Branches:
Dungeon (10/15)            Temple (0/1) D:7            Lair (5/5) D:9
  Swamp (0/4) Lair:3       Spider (0/4) Lair:2        Slime (0/5) Lair:4
    Orc: D:9-12

Altars:
Cheibriados
Elyvilon
Fedhas
Hepliaklqana
Makhleb
Nemelex Xobeh
Sif Muna
Vehumet
Zin
The Shining One
Jiyva

Shops:
D:5 *

Annotations:
D:2 1 runed translucent doorcrazy yiuf cloak of willpower, Crazy Yiuf


Innate Abilities, Weirdness & Mutations

((You are very nimble when in or above water. (Stealth+, EV+, Speed+++)))
Your lower body shifts to a powerful aquatic tail in water.
You have a pair of antennae on your head.
You are partially covered in large bone plates. (SH +4)
Your flesh is almost immune to the effects of cold. (rC+++)
Your flesh is heat resistant. (rF+)
You are extremely strong-willed. (Will+++)
Your rubbery body absorbs attacks. (AC +1, EV +1)
You have a small jelly attached to you that senses nearby items.
You have a small jelly attached to you that may absorb projectiles.


Message History

4 hornets come into view.
The lindwurm roars!
The hornet buzzes angrily. x5
The hornet stings you!
You are poisoned.
You feel as though you will be slow longer.
The hornet stings you.
You are more poisoned.
You suddenly lose the ability to move!
The hornet stings you!
You feel as though you will be slow longer.
The lindwurm breathes flames at you. The blast of flame hits you! You resist.
The torpor snail bites you.
The hornet stings you but does no damage.
You feel very sick. The hornet stings you!
You shrug off the repeated paralysis!
The hornet stings you.
You feel as though you will be slow longer.
The lindwurm bites you! The lindwurm claws you.
The lindwurm completely misses you.
The hornet stings you but does no damage.
The torpor snail bites you!!
* * * LOW HITPOINT WARNING * * *
You can move again.
Activating: Oozemancy (0% risk of failure)
Press: ? - help, Dir - look around, f - activate Slime begins to ooze from the nearby walls!
You feel very sick.
The wall burns the hornet!
You block the hornet's attack.
The walls burn the hornet!
The wall burns the hornet! x2
The hornet stings you.
* * * LOW HITPOINT WARNING * * *
You feel as though you will be slow longer.
The walls burn the lindwurm!
The lindwurm barely misses you. You block the lindwurm's attack.
The lindwurm claws you.
* * * LOW HITPOINT WARNING * * *
The wall burns the hornet!
The hornet misses you.
The walls burn the hornet!
The wall burns the hornet! x2; The hornet misses you.
The walls burn the torpor snail!
The torpor snail briefly extends its eye-stalks.
The torpor snail bites you!!
You die...

###### ###
###....##### #..
##.)........## ##..
#$..####.....###...
#w@## ####..#....#
#.kyyy#### ##......#
∆##[yy.##.###....####
∆∆ #⌠..##.#......##
∆∆∆∆######...†...##
∆∆∆∆ ##......P.##
∆∆∆∆###...####...##
## ∆{ #8...##
#.#..†####. ∆##...#.#
####††..##.


You could see a torpor snail, a lindwurm (catching breath) and 5 hornets.

Vanquished Creatures
  3 hydras
  A boulder beetle (Lair:4)
  2 skysharks (Lair:3)
  A fire crab (Lair:5)
  A lindwurm (Lair:5)
  8 elephants
  A black mamba (Lair:5)
  10 cane toads
  4 torpor snails (Lair:5)
  Maggie (D:8)
  3 rime drakes
  5 komodo dragons
  A polar bear (Lair:3)
  3 tyrant leeches (Lair:5)
  3 hornets (Lair:5)
  A troll (D:9)
  13 blink frogs
  Sigmund (D:5)
  3 spriggans (Lair:5)
  2 wyverns
  Eustachio (D:4)
  A wraith (D:10)
  27 yaks
  Grum (D:6)
  A steam dragon (D:10)
  3 acid dragons
  5 water moccasins
  4 orc warriors
  5 black bears
  2 sky beasts
  5 wolves
  3 centaurs
  2 phantoms
  A gnoll sergeant (D:6)
  8 bullfrogs
  4 scorpions
  23 killer bees
  10 wights
  7 howler monkeys
  4 orc priests
  5 gnoll boudas
  8 hounds
  A sleepcap (D:5)
  4 iguanas
  Ijyb (D:3)
  6 orc wizards
  8 adders
  18 gnolls
  A white imp (D:7)
  2 ufetubi (D:6)
  2 dart slugs
  41 orcs
  A ball python (D:3)
  7 bats
  3 endoplasms
  3 giant cockroaches
  4 hobgoblins
  9 jackals
  3 frilled lizards (D:3)
  5 goblins
  3 kobolds (D:4)
  A rat (D:1)
320 creatures vanquished.

Vanquished Creatures (collateral kills)
  3 death yaks (Lair:2)
  A komodo dragon (Lair:2)
4 creatures vanquished.

Vanquished Creatures (others)
  An elephant (Lair:5)
  3 blink frogs
  2 slime creatures (Lair:4)
  2 spriggans (Lair:5)
  A yak (Lair:4)
  A wyvern (Lair:5)
  A sky beast (D:7)
  A bullfrog (Lair:4)
  A scorpion (D:5)
  13 jellies
  2 orc priests
  An iguana (D:7)
  2 orc wizards
  An adder (D:4)
  3 orcs
  2 endoplasms (D:4)
  A jackal (D:6)
38 creatures vanquished.

Grand Total: 362 creatures vanquished

Notes
Turn   | Place    | Note
-------+----------+-------------------------------------------
     0 | D:1      | mainiacjoe the Merfolk Gladiator began the quest for the
                  | Orb.
     0 | D:1      | Reached XP level 1. HP: 16/16 MP: 1/1
   449 | D:1      | Reached XP level 2. HP: 22/22 MP: 2/2
   617 | D:1      | Reached skill level 5 in Polearms
   887 | D:2      | Reached XP level 3. HP: 27/27 MP: 3/3
  1229 | D:2      | Found a runed translucent door.
  1230 | D:2      | Noticed Crazy Yiuf
  1683 | D:3      | Noticed Ijyb
  1692 | D:3      | Killed Ijyb
  1693 | D:3      | Reached XP level 4. HP: 17/33 MP: 4/4
  1922 | D:3      | Found a faded altar of an unknown god.
  1935 | D:3      | Prayed at the altar of an unknown god.
  1935 | D:3      | Became a worshipper of Jiyva Juasah the Shapeless
  1935 | D:3      | Reached * piety under Jiyva
  2028 | D:3      | Found a blossoming altar of Fedhas.
  2554 | D:4      | Reached ** piety under Jiyva
  2568 | D:4      | Reached XP level 5. HP: 22/38 MP: 5/5
  2625 | D:4      | Noticed Eustachio
  2669 | D:4      | Killed Eustachio
  2670 | D:4      | Reached XP level 6. HP: 44/44 MP: 6/6
  2677 | D:4      | Noticed an orange demon
  2691 | D:4      | Found a burning altar of Makhleb.
  2691 | D:4      | Noticed a cacodemon
  2761 | D:4      | Reached skill level 10 in Polearms
  2786 | D:4      | Reached XP level 7. HP: 51/51 MP: 7/7
  2994 | D:5      | Entered Level 5 of the Dungeon
  2994 | D:5      | Noticed Sigmund
  2997 | D:5      | Killed Sigmund
  3044 | D:5      | Found a glowing silver altar of Zin.
  3065 | D:5      | Found Oxofuf's General Store.
  3095 | D:5      | Reached *** piety under Jiyva
  3105 | D:5      | Bought a potion of enlightenment for 60 gold pieces
  3105 | D:5      | Bought a scroll of identify for 24 gold pieces
  3105 | D:5      | Bought a scroll of noise for 12 gold pieces
  3337 | D:5      | Identified the +9 sling "Eviscerator" {drain, rPois rF- rN+
                  | Will+++}
  3397 | D:5      | Reached XP level 8. HP: 56/61 MP: 8/8
  3473 | D:5      | Found a snail-covered altar of Cheibriados.
  3522 | D:5      | Gained mutation: You have a small jelly attached to you
                  | that senses nearby items. [Jiyva's grace]
  3522 | D:5      | Gained mutation: You have a small jelly attached to you
                  | that may absorb projectiles. [Jiyva's grace]
  3522 | D:5      | Gained mutation: You have a pair of small antennae on your
                  | head. [Jiyva's grace]
  3522 | D:5      | Gained mutation: You have a pair of antennae on your head.
                  | [Jiyva's grace]
  3771 | D:5      | Upgraded the game from 0.31.0-9-g3a7656b989 to
                  | 0.31.0-10-gcf4a605ca0
  3859 | D:6      | Reached skill level 5 in Fighting
  3879 | D:6      | Reached **** piety under Jiyva
  4078 | D:6      | Noticed Grum
  4086 | D:6      | Killed Grum
  4131 | D:6      | Found a glowing golden altar of the Shining One.
  4131 | D:6      | Found a hazy altar of Hepliaklqana.
  4277 | D:6      | Reached XP level 9. HP: 72/72 MP: 9/9
  4638 | D:7      | Found a staircase to the Ecumenical Temple.
  4899 | D:7      | Reached ***** piety under Jiyva
  5062 | D:7      | Gained mutation: Your rubbery body absorbs attacks. (AC +1,
                  | EV +1) [Jiyva's grace]
  5062 | D:7      | Gained mutation: Your pliable body absorbs attacks. (AC +2,
                  | EV +2) [Jiyva's grace]
  5062 | D:7      | Gained mutation: Your gelatinous body deflects attacks. (AC
                  | +3, EV +3) [Jiyva's grace]
  5062 | D:7      | Gained mutation: Your mind is acute. (Int +4, Str/Dex -1)
                  | [Jiyva's grace]
  5374 | D:8      | Identified a scroll of acquirement
  5374 | D:8      | Acquired the +1 demon trident "Orb Guardian's Peril"
                  | {freeze, Dex+2 Stlth+}
  5451 | D:8      | Identified the +1 scale mail "Cacritzy" {rElec Int+4}
  5573 | D:8      | Found a sparkling altar of Nemelex Xobeh.
  5642 | D:8      | Found a shimmering blue altar of Sif Muna.
  5677 | D:8      | Noticed Maggie
  5686 | D:8      | Killed Maggie
  5748 | D:8      | Reached skill level 10 in Fighting
  5773 | D:8      | Reached skill level 1 in Evocations
  5773 | D:8      | Reached XP level 10. HP: 79/85 MP: 10/10
  5872 | D:8      | Reached skill level 5 in Dodging
  6373 | D:9      | Reached ****** piety under Jiyva
  6385 | D:9      | Found a radiant altar of Vehumet.
  6446 | D:9      | Noticed an elephant
  6464 | D:9      | Killed an elephant
  6475 | D:9      | Found a staircase to the Lair.
  6575 | D:9      | Reached skill level 5 in Evocations
  6894 | D:10     | Entered Level 10 of the Dungeon
  6925 | D:10     | Lost mutation: Your gelatinous body deflects attacks. (AC
                  | +3, EV +3) [Jiyva's grace]
  6925 | D:10     | Lost mutation: You have a small jelly attached to you that
                  | may absorb projectiles. [Jiyva's grace]
  6925 | D:10     | Gained mutation: You have acidic saliva. [Jiyva's grace]
  6925 | D:10     | Gained mutation: You are partially covered in large bone
                  | plates. (SH +4) [Jiyva's grace]
  6925 | D:10     | Gained mutation: You are mostly covered in large bone
                  | plates. (SH +6) [Jiyva's grace]
  6925 | D:10     | Gained mutation: You are completely covered in large bone
                  | plates. (SH +8) [Jiyva's grace]
  7070 | D:10     | Found a white marble altar of Elyvilon.
  7107 | D:10     | Reached XP level 11. HP: 82/90 MP: 11/11
  7147 | D:10     | Reached skill level 10 in Dodging
  7802 | Lair:1   | Entered Level 1 of the Lair of Beasts
  7851 | Lair:1   | Reached skill level 1 in Shields
  8025 | Lair:1   | Reached skill level 5 in Shields
  8520 | Lair:2   | Noticed a death yak
  8520 | Lair:2   | Noticed a death yak
  8521 | Lair:2   | Noticed a death yak
  8558 | Lair:2   | Killed a death yak
  8561 | Lair:2   | Killed a death yak
  8564 | Lair:2   | Killed a death yak
  8597 | Lair:2   | Lost mutation: You are completely covered in large bone
                  | plates. (SH +8) [Jiyva's grace]
  8597 | Lair:2   | Lost mutation: You are mostly covered in large bone plates.
                  | (SH +6) [Jiyva's grace]
  8597 | Lair:2   | Lost mutation: You have acidic saliva. [Jiyva's grace]
  8597 | Lair:2   | Lost mutation: Your pliable body absorbs attacks. (AC +2,
                  | EV +2) [Jiyva's grace]
  8597 | Lair:2   | Gained mutation: You have a small jelly attached to you
                  | that may absorb projectiles. [Jiyva's grace]
  8597 | Lair:2   | Gained mutation: You are strong-willed. (Will+) [Jiyva's
                  | grace]
  8597 | Lair:2   | Gained mutation: You are highly strong-willed. (Will++)
                  | [Jiyva's grace]
  8597 | Lair:2   | Gained mutation: You are extremely strong-willed. (Will+++)
                  | [Jiyva's grace]
  8613 | Lair:2   | Reached XP level 12. HP: 99/99 MP: 12/12
  8632 | Lair:2   | Found a hole to the Spider Nest.
  9510 | Lair:3   | Found a staircase to the Swamp.
  9547 | Lair:3   | Noticed an eight-headed hydra
  9577 | Lair:3   | Noticed a four-headed hydra
  9586 | Lair:3   | Killed a four-headed hydra
  9643 | Lair:3   | Slimified an eight-headed hydra
  9643 | Lair:3   | an eight-headed hydra changed into an azure jelly
  9643 | Lair:3   | Noticed an azure jelly
  9725 | Lair:3   | Noticed a skyshark
  9727 | Lair:3   | Found a glowing golden altar of the Shining One.
  9735 | Lair:3   | Killed a skyshark
  9814 | Lair:3   | Noticed a skyshark
  9830 | Lair:3   | Killed a skyshark
  9970 | Lair:4   | Noticed a five-headed hydra
  9978 | Lair:4   | Killed a five-headed hydra
 10097 | Lair:4   | Found a viscous altar of Jiyva.
 10097 | Lair:4   | Found a staircase to the Slime Pits.
 10216 | Lair:4   | Noticed a seven-headed hydra
 10230 | Lair:4   | Killed a seven-headed hydra
 10231 | Lair:4   | Reached skill level 10 in Evocations
 10336 | Lair:4   | Reached XP level 13. HP: 111/111 MP: 13/13
 10424 | Lair:4   | Lost mutation: Your mind is acute. (Int +4, Str/Dex -1)
                  | [Jiyva's grace]
 10424 | Lair:4   | Gained mutation: Your flesh is cold resistant. (rC+)
                  | [Jiyva's grace]
 10424 | Lair:4   | Gained mutation: Your flesh is very cold resistant. (rC++)
                  | [Jiyva's grace]
 10424 | Lair:4   | Gained mutation: Your flesh is almost immune to the effects
                  | of cold. (rC+++) [Jiyva's grace]
 10424 | Lair:4   | Gained mutation: Your flesh is heat resistant. (rF+)
                  | [Jiyva's grace]
 10840 | Lair:5   | Entered Level 5 of the Lair of Beasts
 10909 | Lair:5   | Reached skill level 1 in Armour
 10935 | Lair:5   | a catoblepas changed into an acid blob
 10935 | Lair:5   | Noticed an acid blob
 11526 | Lair:5   | Paralysed by a hornet for 2 turns
 11528 | Lair:5   | Slain by a torpor snail

Illustrated notes

Levels and vault maps discovered:
D:1:      saegor_arrival_simple_a, layout_basic, minmay_tree_intersection
D:2:      layout_basic, uniq_crazy_yiuf_cottage
D:3:      layout_basic, fedhas_ov_isle_minmay,
          hellmonk_ecumenical_altar_zigzags, uniq_ijyb
D:4:      layout_gridville, makhleb_altar_promises_db, uniq_eustachio
D:5:      layout_cave_pods, kennysheep_mini_moat, zin_statuary, serial_shops,
          nicolae_diamond_shop, grunt_decor_fettered, nrook_campfire,
          roderic_roman_lattice, dk_noncrumbling_3, uniq_sigmund
D:6:      layout_cave_pools, grunt_temple_overflow_open, serial_gnoll_camp,
          gnoll_camp_mini_basic, gnoll_camp_mini_hut, gnoll_camp_mini_doghouse,
          grums_kennel, minmay_misc_feat_more_columns, minmay_crystal_room
D:7:      layout_cave_pods, minmay_temple_entry_large_hall
D:8:      layout_basic, nicolae_overflow_crystal_walls, nemelex_altar_shiori,
          nicolae_houndstooth_variations, uniq_maggie
D:9:      layout_basic, overflow_temple_1_default,
          grunt_lair_entry_orc_guard_hut
D:10:     layout_loops_corners, elyvilon_altar_3
Lair:1:   layout_loops_ring
Lair:2:   layout_cellular_growth, spider_nest_entry_web_field,
          dreamdust_gnoll_shepherd
Lair:3:   layout_big_grid, swamp_mist, basic_altar, infiniplex_staircase_pool,
          lemuel_fruit_fields, serial_bayou_shore_b
Lair:4:   layout_regular_city, minmay_slime_entry_pillars, nzn_sisyphean_effort,
          grunt_megastairs_4
Lair:5:   wormcave, layout_layer_cave, hangedman_lair_in_review,
          chequers_serial_rivers_micro_b, wad_woods_01, serial_bayou_shore_b

Skill      XL: |  1  2  3  4  5  6  7  8  9 10 11 12 13 |
---------------+----------------------------------------+-----
Polearms       | 5 6 7 9 10 11 12 14 | 14.0
Fighting       | 4 7 10 13 14 | 14.5
Evocations     | 1 6 10 | 10.0
Dodging        | 9 10 11 | 11.3
Shields        | 8 |  8.0
Armour         | 3 |  3.0
Throwing       | |  2.0

Action                     |  1- 3 |  4- 6 |  7- 9 | 10-12 | 13-15 || total
---------------------------+-------+-------+-------+-------+-------++-------
  Melee: Trident           |    91 |   107 |   254 |       |       ||   452
         Punch             |       |     2 |     1 |       |       ||     3
         Demon trident     |       |       |    59 |   599 |   182 ||   840
         Bite              |       |       |       |    26 |       ||    26
         Tailslap          |       |       |       |     1 |       ||     1
   Fire: Sling             |       |       |       |    20 |       ||    20
  Throw: Javelin           |     2 |       |       |     1 |       ||     3
         Dart              |     1 |       |       |       |       ||     1
         Throwing net      |       |       |     1 |       |       ||     1
         Boomerang         |       |       |       |    10 |       ||    10
 Invoke: Oozemancy         |       |       |       |     1 |     4 ||     5
         Slimify           |       |       |       |     1 |     1 ||     2
  Evoke: Wand              |       |     1 |       |       |       ||     1
    Use: Scroll            |     9 |     3 |     8 |     6 |       ||    26
         Potion            |       |       |     1 |       |       ||     1
   Stab: Sleeping          |     1 |       |       |     4 |     3 ||     8
         Invisible         |       |     1 |       |       |       ||     1
         Distracted        |       |     1 |       |       |       ||     1
         Petrified         |       |       |       |       |     8 ||     8
         Petrifying        |       |       |       |       |     3 ||     3
 Armour: Leather armour    |    28 |       |       |       |       ||    28
         Ring mail         |       |    59 |   128 |       |       ||   187
         Scale mail        |       |       |    43 |    80 |       ||   123
         Acid dragon scale |       |       |       |    91 |    81 ||   172
  Dodge: Dodged            |    52 |    46 |   165 |   217 |    75 ||   555
  Block: Other             |       |       |     1 |       |       ||     1
         Buckler           |       |       |       |   167 |    81 ||   248
         Reflection        |       |       |       |     1 |       ||     1
